 Dungeon Crawl Stone Soup version 0.30.0 (webtiles) character file.

Game seed: 14675912741042767794

91799 browni3141 the Warrior (level 15, -16/133 (134) HPs)
             Began as a Barachi Necromancer on May 7, 2023.
             Was the Champion of Vehumet.
             Demolished by a merfolk impaler
             ... wielding a +2 trident of distortion
              (17 damage)
             ... on level 13 of the Dungeon.
             The game lasted 01:04:17 (22691 turns).

browni3141 the Warrior (Barachi Necromancer)       Turns: 22691, Time: 01:04:17

HP:   -16/133 (134) AC: 21    Str:  8    XL:     15   Next: 61%
MP:   34/38         EV: 13    Int: 24    God:    Vehumet [******]
Gold: 982           SH:  0    Dex: 17    Spells: 0/34 levels left

rFire   + . .        b - +0 scimitar (flame)
rCold   + + +        q - orb of the Volcano {*channel, Str-4 Int+3 Dex+4}
rNeg    . . .        S - +4 ring mail {rC+}
rPois   .            v - +2 hat {Stlth+}
rElec   .            y - +0 cloak
rCorr   .            B - +2 pair of gloves {Dex+3}
SInv    +            X - +2 pair of boots
Will    ++...        o - amulet of the Thistle {rF+ Will+ Regen+ MP+9}
Stlth   ++           g - ring "Olesas" {rC++ Str+3 Dex-5 SInv}
HPRegen 1.22/turn    s - +4 ring of slaying
MPRegen 0.26/turn

%: channel magic (20%)
@: mighty, lethally poisoned (-16 -> -31), about to teleport, unable to hop,
very slightly contaminated, hasted (expiring), lightly drained, quick
A: amphibious, slowness 1, strong legs 2, +LOS
}: 1/15 runes: abyssal
a: Hop, Renounce Religion


You were on level 13 of the Dungeon.
You worshipped Vehumet.
Vehumet was exalted by your worship.
You visited 4 branches of the dungeon, and saw 21 of its levels.
You visited the Abyss 1 time.

You collected 2138 gold pieces.
You spent 1156 gold pieces at shops.

Inventory:

Hand Weapons
 b - a +0 scimitar of flaming (weapon)
Missiles
 p - 3 curare-tipped darts
 J - 22 poisoned darts
 O - 5 silver javelins
 T - 14 boomerangs
 Z - 2 throwing nets
Armour
 q - the orb of the Volcano (worn) {*channel, Str-4 Int+3 Dex+4}
   (You bought it in a shop on level 5 of the Dungeon)

   Str:       It affects your strength (-4).
   Int:       It affects your intelligence (+3).
   Dex:       It affects your dexterity (+4).
 t - a +1 leather armour of poison resistance
 v - a +2 hat of stealth (worn)
 y - a +0 cloak (worn)
 B - a +2 pair of gloves of dexterity (worn)
 S - a +4 ring mail of cold resistance (worn)
 X - a +2 pair of boots (worn)
Magical Staves
 D - a staff of conjuration
Jewellery
 e - a ring of protection from cold
 f - a +4 ring of protection
 g - the ring "Olesas" (left hand) {rC++ Str+3 Dex-5 SInv}
   (You found it on level 9 of the Dungeon)

   [ring of see invisible]

   Str:       It affects your strength (+3).
   Dex:       It affects your dexterity (-5).
   rC:        It greatly protects you from cold.
   SInv:      It lets you see invisible.
 o - the amulet of the Thistle (around neck) {rF+ Will+ Regen+ MP+9}
   (You found it on level 5 of the Dungeon)

   [amulet of regeneration]

   rF:        It protects you from fire.
   MP:        It affects your magic capacity (+9).
   Regen:     It increases your rate of health regeneration.
   Will:      It increases your willpower.
 s - a +4 ring of slaying (right hand)
 E - a ring of protection from cold
 I - a ring of willpower
 Q - a ring of flight
 Y - an amulet of regeneration
Wands
 c - a wand of digging (5)
 G - a wand of roots (3)
 V - a wand of flame (16)
Scrolls
 a - a scroll of summoning {unknown}
 d - 2 scrolls of fog
 j - 3 scrolls of poison
 k - a scroll of torment
 n - 2 scrolls of enchant armour
 u - a scroll of silence
 x - 3 scrolls of vulnerability
 A - 2 scrolls of magic mapping {unknown}
 H - 3 scrolls of enchant weapon
 K - 4 scrolls of immolation
 P - 2 scrolls of fear
 U - a scroll of brand weapon
 W - 4 scrolls of teleportation
Potions
 h - 5 potions of haste
 l - 4 potions of mutation
 m - 2 potions of magic
 w - 4 potions of ambrosia
 z - 4 potions of attraction
 F - 5 potions of flight
 L - 7 potions of lignification
 M - 5 potions of might
 R - 2 potions of brilliance
Miscellaneous
 r - a phial of floods


   Skills:
 - Level 17.5 Fighting
 - Level 3.0(8.2) Short Blades
 * Level 12.9(13.1) Long Blades
 - Level 8.4 Armour
 - Level 7.4 Dodging
 - Level 2.0 Stealth
 - Level 10.0 Spellcasting
 - Level 7.0 Conjurations
 - Level 5.0 Necromancy
 * Level 1.2 Translocations
 - Level 8.0 Fire Magic
 * Level 5.1 Ice Magic
 - Level 8.0 Earth Magic
 - Level 3.0 Evocations


You couldn't memorise any spells.
You knew the following spells:

 Your Spells              Type           Power      Damage    Failure   Level
a - Sandblast             Erth           100%       2d20      1%          1
b - Sticky Flame          Conj/Fire      48%        2d7       4%          4
c - Iron Shot             Conj/Erth      24%        9d5       36%         6
d - Animate Dead          Necr           36%        N/A       36%         4
e - Ozocubu's Refrigerat  Ice            18%        4d11      98%         7
f - Fireball              Conj/Fire      24%        3d11      11%         5
r - Searing Ray           Conj           90%        2d7       1%          2
v - Vampiric Draining     Necr           36%        2d8       14%         3
K - Kiss of Death         Conj/Necr      100%       2d13      1%          1
N - Necrotise             Necr           100%       1d9       7%          1

Your spell library contained the following spells:

 Spells                   Type           Power      Damage    Failure   Level
 Yara's Violent Unravell  Hex/Tmut       6%         3d5       77%         5
 Freeze                   Ice            100%       1d10      1%          1
 Magic Dart               Conj           100%       1d8       1%          1
 Shock                    Conj/Air       100%       1d9       3%          1
 Momentum Strike          Conj/Tloc      62%        3d9       3%          2
 Hailstorm                Conj/Ice       41%        3d10      3%          3
 Static Discharge         Conj/Air       56%        2-5/arc   4%          2
 Frozen Ramparts          Ice            72%        1d11      4%          3
 Dazzling Flash           Conj/Hex       56%        N/A       7%          3
 Mephitic Cloud           Conj/Pois/Air  23%        N/A       10%         3
 Fulminant Prism          Conj/Hex       14%        3d9       16%         4
 Apportation              Tloc           36%        N/A       21%         1
 Blink                    Tloc           36%        N/A       28%         2
 Lesser Beckoning         Tloc           36%        N/A       28%         2
 Arcjolt                  Conj/Air       14%        1d24      36%         5
 Call Imp                 Summ           24%        N/A       41%         2
 Airstrike                Air            6%         2d(1-17)  45%         4
 Portal Projectile        Hex/Tloc       30%        N/A       52%         3
 Vhi's Electric Charge    Tloc/Air       30%        N/A       52%         3
 Swiftness                Air            12%        N/A       58%         3
 Tukima's Dance           Hex            12%        N/A       58%         3
 Agony                    Necr           36%        N/A       65%         5
 Plasma Beam              Fire/Air       15%        2x1d29    78%         6
 Passage of Golubria      Tloc           18%        N/A       80%         4
 Summon Lightning Spire   Summ/Air       12%        N/A       91%         4
 Alistair's Intoxication  Tmut/Pois      8%         N/A       99%         5
 Blade Hands              Tmut           6%         N/A       99%         5
 Silence                  Hex/Air        6%         N/A       99%         5
 Borgnjor's Revivificati  Necr           18%        N/A       100%        8
 Lehudib's Crystal Spear  Conj/Erth      24%        10d7      100%        8
 Death's Door             Necr           18%        N/A       100%        9


Dungeon Overview and Level Annotations

Branches:
Dungeon (13/15)            Temple (1/1) D:4            Lair (5/5) D:11
  Swamp (0/4) Lair:3       Spider (0/4) Lair:2        Slime (0/5) Lair:5
    Orc (2/2) D:10            Elf (0/3) Orc:2
 Vaults: D:13-14

Altars:
Ashenzari
Cheibriados
Dithmenos
Elyvilon
Fedhas
Gozag
Hepliaklqana
Kikubaaqudgha
Nemelex Xobeh
Okawaru
Qazlal
Ru
Sif Muna
Trog
Uskayaw
Vehumet
Wu Jian
Xom
Yredelemnul
Zin
The Shining One
Jiyva

Shops:
D:3 :   D:5 *   Orc:2 !((

Annotations:
D:4 Eustachio
D:13 2 runed translucent doors
Lair:2 exclusion: oklob plant
Orc:2 Saint Roka


Innate Abilities, Weirdness & Mutations

You are amphibious.
You cover ground slowly.
You can hop long distances.
You have an extended range of vision and can be seen from far away.


Message History

The apocalypse crab bites you but does no damage.
The apocalypse crab claws you but does no damage.
You hit the apocalypse crab.
The apocalypse crab is almost dead.
You slash the apocalypse crab!
The apocalypse crab is almost dead.
The apocalypse crab is engulfed in seething chaos.
The apocalypse crab breathes chaos at you.
The blast of chaos engulfs you. You resist.
The ufetubus is engulfed in seething chaos.
A starcursed mass splits.
You slash the apocalypse crab!
You kill the apocalypse crab!
Vehumet accepts your kill.
You feel your power returning.
You are engulfed in seething chaos.
You feel very mighty all of a sudden.
The ufetubus is engulfed in seething chaos.
Unknown command.
Found a gateway leading deeper into the Abyss.
The ufetubus misses you. The ufetubus closely misses you.
The ufetubus barely misses you. x2
You closely miss the ufetubus. The ufetubus misses you.
The ufetubus hits you but does no damage.
You slice the ufetubus!! You burn the ufetubus.
You kill the ufetubus!
The ufetubus disappears in a puff of smoke!
The starcursed mass shrieks in your mind.
The starcursed mass touches you but does no damage.
The large abomination hits you!!!
You hear a roar!
You slice the starcursed mass!! You burn the starcursed mass.
The starcursed mass is heavily damaged.
The ufetubus barely misses you. The ufetubus closely misses you.
You slice the apocalypse crab!!
The apocalypse crab is moderately wounded.
The starcursed mass shrieks in your mind.
The apocalypse crab barely misses you. The apocalypse crab claws you.
The apocalypse crab freezes you. You resist.
The large abomination closely misses you.
You slice the apocalypse crab!!
The apocalypse crab is severely wounded.
The ufetubus barely misses you. x2
You slash the apocalypse crab!
The apocalypse crab is severely wounded.
A starcursed mass splits.
A chorus of shrieks assaults your mind. The ufetubus closely misses you. x2
The apocalypse crab bites you but does no damage.
The apocalypse crab claws you.
You are poisoned.
The apocalypse crab poisons you! The large abomination hits you!!
* * * LOW HITPOINT WARNING * * *
Your legs are too worn out to hop.
Unknown command.
As you read the scroll of fear, it crumbles to dust.
You assume a fearsome visage.
The starcursed mass is unaffected.
The large abomination is unaffected.
The apocalypse crab looks frightened!
The ufetubus looks frightened! x3; The starcursed mass is unaffected.
You feel very sick.
A red draconian scorcher comes into view.
It is wielding a +0 long sword.
Unknown command.
Unknown command.
Unknown command.
You feel very sick.
You feel sick.
You feel sick.
Found a gateway leading out of the Abyss.
You feel sick.
There is a gateway leading deeper into the Abyss here.
You feel sick.
You feel sick.
You feel sick.
You feel sick.
Your extra speed is starting to run out.
You feel sick.
The starcursed mass shrieks in your mind.
* * * LOW HITPOINT WARNING * * *
You feel sick.
You feel sick.
A starcursed mass splits.
A chorus of shrieks assaults your mind.
* * * LOW HITPOINT WARNING * * *
There is a gateway leading out of the Abyss here.
As you read the scroll of teleportation, it crumbles to dust.
You feel strangely unstable.
You feel the power of the Abyss delaying your translocation!
You feel sick.
You are no longer poisoned.
A starcursed mass splits.
A chorus of shrieks assaults your mind.
* * * LOW HITPOINT WARNING * * *
You pass through the gate.
Welcome back to the Dungeon!
Level annotation: 2 runed translucent doors You are engulfed in dark miasma.
You are lethally poisoned!
* * * LOW HITPOINT WARNING * * *
x2 You feel very sick.
The merfolk impaler hits you but does no damage.
Space warps horribly around you!
You die...

#..#...#.....#...#
#..#...#.....+...+
..#...#.........#
#...#...##.####
#####...##'#
.....##§#
..#######§# . #§#
. #@# #≈+# #mm#
#+## #># ###


You could see a merfolk avatar and a merfolk impaler.

Vanquished Creatures
  Gastronok (Lair:2)
  A tentacled starspawn (Abyss:3)
  Snorg (Lair:4)
  Fannar (Lair:1)
  2 hydras
  Erica (D:8)
  A centaur warrior (D:10)
  5 boulder beetles
  A catoblepas (Lair:4)
  3 two-headed ogres
  A death yak (Lair:5)
  A tengu warrior (D:13)
  2 skysharks
  Sonja (Lair:1)
  5 skeletal warriors
  3 bog bodies (Lair:3)
  4 orc knights
  2 cyclopes
  3 ugly things
  3 orc sorcerers
  7 manticores
  An eye of devastation (Lair:5)
  An apocalypse crab (Abyss:3)
  5 black mambas
  9 elephants
  4 cane toads
  2 kobold demonologists (D:9)
  9 komodo dragons
  Maggie (D:8)
  3 unseen horrors
  A meliai (Lair:1)
  7 hornets
  3 trolls
  Prince Ribbit (D:9)
  5 polar bears
  9 blink frogs
  7 dream sheep (Lair:3)
  A large abomination (Abyss:3)
  3 shadows
  11 spriggans (Lair:5)
  5 wyverns
  A water elemental (D:12)
  38 yaks
  2 basilisks (Lair:5)
  3 vampire mosquitoes (D:13)
  A neqoxec (Abyss:3)
  Edmund (D:4)
  A small abomination (Abyss:3)
  2 wargs (Orc:2)
  3 acid dragons
  5 swamp worms
  A floating eye (Lair:5)
  7 water moccasins
  3 black bears
  44 orc warriors
  An ice beast (D:5)
  15 wolves (Lair:5)
  9 ogres
  4 centaurs
  4 boggarts (Lair:5)
  A phantom (D:5)
  3 kobold brigands
  4 scorpions
  13 bullfrogs
  12 wights
  5 killer bees
  10 electric eels
  2 howler monkeys (D:8)
  3 hounds
  18 orc priests
  Crazy Yiuf (D:5)
  A gnoll bouda (D:6)
  2 iguanas
  23 orc wizards
  2 sleepcaps
  6 gnolls
  6 adders
  A shadow imp (D:7)
  5 white imps
  3 ufetubi
  5 worms
  4 dart slugs
  130 orcs
  6 ball pythons
  8 endoplasms
  3 giant cockroaches
  5 goblins
  5 hobgoblins
  2 jackals (D:4)
  A quokka (D:1)
  3 bats
  A frilled lizard (D:3)
  17 kobolds
  6 rats
599 creatures vanquished.

Vanquished Creatures (collateral kills)
  An orc (D:3)
1 creature vanquished.

Vanquished Creatures (others)
  9 fungi
  30 plants
39 creatures vanquished.

Grand Total: 639 creatures vanquished

Notes
Turn   | Place    | Note
-------+----------+-------------------------------------------
     0 | D:1      | browni3141 the Barachi Necromancer began the quest for the
                  | Orb.
     0 | D:1      | Reached XP level 1. HP: 13/13 MP: 3/3
   108 | D:1      | Reached skill level 1 in Fighting
   364 | D:1      | Reached skill level 2 in Fighting
   364 | D:1      | Reached XP level 2. HP: 22/22 MP: 3/5
   496 | D:1      | You fall into a shaft and drop 1 floor!
   558 | D:2      | Reached skill level 3 in Fighting
   741 | D:1      | Reached XP level 3. HP: 29/29 MP: 1/6
  1667 | D:2      | Found a faded altar of an unknown god.
  1708 | D:2      | Reached skill level 4 in Fighting
  1920 | D:2      | Reached XP level 4. HP: 37/37 MP: 4/7
  2611 | D:3      | Learned a level 3 spell: Vampiric Draining
  2795 | D:3      | Found a radiant altar of Vehumet.
  2850 | D:3      | Found Xuteat's Book Boutique.
  3096 | D:3      | Noticed a scorpion
  3113 | D:3      | Killed a scorpion
  3114 | D:3      | Reached XP level 5. HP: 37/42 MP: 2/8
  3119 | D:3      | Learned a level 4 spell: Animate Dead
  3480 | D:4      | Found a broken altar of Ashenzari.
  3553 | D:4      | Noticed Edmund
  3559 | D:4      | Killed Edmund
  3560 | D:4      | Reached skill level 3 in Armour
  3560 | D:4      | Reached XP level 6. HP: 48/48 MP: 9/9
  3565 | D:4      | Found a staircase to the Ecumenical Temple.
  3577 | Temple   | Entered the Ecumenical Temple
  3707 | D:3      | Became a worshipper of Vehumet
  3762 | D:4      | Found a basalt altar of Yredelemnul.
  4001 | D:4      | Found a sparkling altar of Nemelex Xobeh.
  4083 | D:4      | Noticed Eustachio
  4401 | D:5      | Entered Level 5 of the Dungeon
  4411 | D:5      | Identified the amulet of the Thistle {rF+ Will+ Regen+
                  | MP+9}
  4507 | D:5      | Reached skill level 3 in Evocations
  4689 | D:5      | Reached XP level 7. HP: 54/54 MP: 10/10
  4790 | D:5      | Reached skill level 3 in Conjurations
  4893 | D:5      | Found a shimmering altar of Xom.
  4952 | D:5      | Found Viafyepu's Assorted Antiques.
  4982 | D:5      | Bought a scroll labelled IBIFRIXUEQ for 30 gold pieces
  4982 | D:5      | Bought a silvery potion for 27 gold pieces
  4982 | D:5      | Bought a silvery potion for 27 gold pieces
  4982 | D:5      | Bought an orange potion for 27 gold pieces
  4982 | D:5      | Bought a golden potion for 27 gold pieces
  5031 | D:5      | Found an iron altar of Okawaru.
  5133 | D:5      | Reached * piety under Vehumet
  5133 | D:5      | Offered knowledge of Sandblast by Vehumet.
  5147 | D:5      | Learned a level 1 spell: Sandblast
  5228 | D:5      | Found a snail-covered altar of Cheibriados.
  5353 | D:5      | Found a runed translucent door.
  5354 | D:5      | Noticed Crazy Yiuf
  5466 | D:5      | Killed Crazy Yiuf
  5732 | D:6      | Reached XP level 8. HP: 53/60 MP: 6/11
  5854 | D:6      | Got Meintos's Essays on Corpses
  6070 | D:6      | Found a blossoming altar of Fedhas.
  6497 | D:6      | Reached skill level 3 in Earth Magic
  6786 | D:6      | Reached skill level 3 in Spellcasting
  6851 | D:6      | Reached skill level 6 in Conjurations
  6916 | D:6      | Found an opulent altar of Gozag.
  7324 | D:7      | Noticed a wyvern
  7357 | D:7      | Killed a wyvern
  7358 | D:7      | Reached skill level 5 in Fighting
  7358 | D:7      | Reached skill level 3 in Short Blades
  7500 | D:7      | Reached XP level 9. HP: 52/68 MP: 15/15
  7568 | D:7      | Found a sacrificial altar of Ru.
  7954 | D:7      | Found an ancient bone altar of Kikubaaqudgha.
  7958 | D:7      | Found a hazy altar of Hepliaklqana.
  7962 | D:7      | Found a shimmering blue altar of Sif Muna.
  8255 | D:8      | Noticed a boulder beetle
  8324 | D:8      | Offered knowledge of Kiss of Death by Vehumet.
  8330 | D:8      | Learned a level 1 spell: Kiss of Death
  8375 | D:8      | Reached ** piety under Vehumet
  8393 | D:8      | Reached skill level 6 in Fighting
  8416 | D:8      | Noticed Maggie
  8429 | D:8      | Killed Maggie
  8454 | D:8      | Noticed a hornet
  8461 | D:8      | Killed a hornet
  8462 | D:8      | Reached skill level 3 in Long Blades
  8540 | D:8      | Reached skill level 6 in Spellcasting
  8734 | D:8      | Killed a boulder beetle
  8735 | D:8      | Reached skill level 7 in Fighting
  8735 | D:8      | Reached skill level 6 in Long Blades
  8735 | D:8      | Reached XP level 10. HP: 26/79 MP: 19/19
  9018 | D:8      | Noticed Erica
  9024 | D:8      | Offered knowledge of Poisonous Vapours by Vehumet.
  9033 | D:8      | Killed Erica
  9034 | D:8      | Reached skill level 8 in Fighting
  9188 | D:9      | Reached skill level 9 in Fighting
  9190 | D:9      | Reached *** piety under Vehumet
  9312 | D:9      | Noticed a kobold demonologist
  9312 | D:9      | Noticed a kobold demonologist
  9329 | D:9      | Killed a kobold demonologist
  9336 | D:9      | Killed a kobold demonologist
  9337 | D:9      | Reached skill level 10 in Fighting
  9468 | D:9      | Killed an unseen horror
  9514 | D:9      | Found a shadowy altar of Dithmenos.
  9643 | D:9      | Noticed a two-headed ogre
  9656 | D:9      | Killed a two-headed ogre
  9657 | D:9      | Reached skill level 11 in Fighting
  9671 | D:9      | Identified the ring "Olesas" {rC++ Str+3 Dex-5 SInv}
  9807 | D:9      | Offered knowledge of Sticky Flame by Vehumet.
  9814 | D:9      | Reached XP level 11. HP: 57/95 MP: 20/20
  9837 | D:9      | Reached skill level 12 in Fighting
  9864 | D:9      | Learned a level 4 spell: Sticky Flame
  9985 | D:9      | Noticed Prince Ribbit
  9988 | D:9      | Killed Prince Ribbit
 10089 | D:10     | Entered Level 10 of the Dungeon
 10170 | D:10     | Noticed a centaur warrior
 10180 | D:10     | Killed a centaur warrior
 10181 | D:10     | Reached skill level 3 in Fire Magic
 10214 | D:10     | Reached **** piety under Vehumet
 10243 | D:10     | Offered knowledge of Lee's Rapid Deconstruction by Vehumet.
 10244 | D:10     | Reached skill level 13 in Fighting
 10294 | D:10     | Reached skill level 14 in Fighting
 10386 | D:10     | Found a staircase to the Orcish Mines.
 10956 | D:11     | Noticed a boulder beetle
 10966 | D:11     | Killed a boulder beetle
 11002 | D:11     | Noticed a skeletal warrior
 11040 | D:11     | Noticed a two-headed ogre
 11051 | D:11     | Killed a two-headed ogre
 11052 | D:11     | Reached skill level 15 in Fighting
 11119 | D:11     | Noticed a manticore
 11130 | D:11     | Killed a manticore
 11248 | D:11     | Noticed a skeletal warrior
 11305 | D:12     | Noticed a cyclops
 11316 | D:12     | Killed a cyclops
 11422 | D:12     | Noticed a green ugly thing
 11457 | D:11     | Killed a skeletal warrior
 11458 | D:11     | Reached XP level 12. HP: 111/111 MP: 21/21
 11482 | D:11     | Reached skill level 16 in Fighting
 11931 | D:11     | Found a staircase to the Lair.
 12294 | D:11     | Reached skill level 17 in Fighting
 12443 | Lair:1   | Entered Level 1 of the Lair of Beasts
 12969 | Lair:1   | Noticed Fannar
 12992 | Lair:1   | Killed Fannar
 13213 | Lair:1   | Noticed Sonja
 13215 | Lair:1   | Killed Sonja
 13756 | Lair:2   | Reached skill level 3 in Dodging
 14003 | D:5      | Bought a distressingly furry orb for 420 gold pieces
 14003 | D:5      | Identified the orb of the Volcano {*channel, Str-4 Int+3
                  | Dex+4} (You bought it in a shop on level 5 of the Dungeon)
 14244 | Lair:2   | Reached skill level 9 in Long Blades
 14244 | Lair:2   | Reached skill level 6 in Fire Magic
 14244 | Lair:2   | Gained mutation: You can hop long distances. [Barachi
                  | growth]
 14244 | Lair:2   | Reached XP level 13. HP: 121/121 MP: 24/24
 14313 | Lair:2   | Learned a level 2 spell: Searing Ray
 14404 | Lair:2   | Found a hole to the Spider Nest.
 14537 | Lair:2   | Noticed Gastronok
 14552 | Lair:2   | Killed Gastronok
 14785 | Lair:2   | Reached XP level 14. HP: 128/128 MP: 26/26
 15121 | Lair:3   | Reached ***** piety under Vehumet
 15263 | Lair:3   | Offered knowledge of Iron Shot by Vehumet.
 15271 | Lair:3   | Learned a level 6 spell: Iron Shot
 15562 | Lair:3   | Reached skill level 6 in Armour
 15860 | Lair:3   | Found a staircase to the Swamp.
 16077 | Lair:4   | Noticed Snorg
 16089 | Lair:4   | Killed Snorg
 16090 | Lair:4   | Reached skill level 9 in Spellcasting
 16979 | Lair:5   | Entered Level 5 of the Lair of Beasts
 17411 | Lair:5   | Reached skill level 6 in Dodging
 17706 | Lair:5   | Found a viscous altar of Jiyva.
 17782 | Lair:5   | Found a staircase to the Slime Pits.
 17792 | Lair:5   | Paralysed by a floating eye for 4 turns
 17801 | Lair:5   | Reached skill level 6 in Earth Magic
 18264 | Lair:5   | Offered knowledge of Fireball by Vehumet.
 18271 | Lair:5   | Learned a level 5 spell: Fireball
 18286 | Lair:5   | Reached XP level 15. HP: 134/134 MP: 29/29
 18750 | Orc:1    | Entered Level 1 of the Orcish Mines
 19286 | Orc:2    | Entered Level 2 of the Orcish Mines
 19890 | Orc:2    | Reached ****** piety under Vehumet
 20061 | Orc:2    | Found a staircase to the Elven Halls.
 20140 | Orc:2    | Noticed Saint Roka
 20276 | Orc:2    | Offered knowledge of Ozocubu's Refrigeration by Vehumet.
 20291 | Orc:2    | Learned a level 7 spell: Ozocubu's Refrigeration
 20300 | Orc:2    | Found Fariuj's Antique Weapon Emporium.
 20304 | Orc:2    | Found Qopots's Antique Armour Shoppe.
 20628 | Orc:2    | Reached skill level 12 in Long Blades
 20735 | Orc:2    | Found Xannam's Antique Weapon Emporium.
 21226 | Orc:2    | Found Rimnupan's Distillery.
 21233 | Orc:2    | Bought a potion of invisibility for 104 gold pieces
 21233 | Orc:2    | Bought a potion of berserk rage for 65 gold pieces
 21233 | Orc:2    | Bought a potion of invisibility for 104 gold pieces
 21233 | Orc:2    | Bought a potion of mutation for 104 gold pieces
 21233 | Orc:2    | Bought a potion of lignification for 39 gold pieces
 21233 | Orc:2    | Bought a potion of ambrosia for 104 gold pieces
 21233 | Orc:2    | Bought 2 potions of attraction for 78 gold pieces
 21566 | D:12     | Reached skill level 3 in Ice Magic
 22253 | D:13     | Found a runed translucent door.
 22262 | D:13     | Found a runed translucent door.
 22264 | D:13     | Found a runed translucent door.
 22275 | Abyss:3  | Found a runed translucent door.
 22275 | Abyss:3  | Cast into level 3 of the Abyss (merfolk impaler)
 22394 | Abyss:3  | Noticed a hellephant
 22401 | Abyss:3  | Noticed a purple draconian shifter
 22411 | Abyss:3  | Noticed a purple draconian shifter
 22412 | Abyss:3  | Found a corrupted altar of Lugonu.
 22412 | Abyss:3  | Noticed a hellephant
 22415 | Abyss:3  | Got an abyssal rune of Zot
 22427 | Abyss:3  | Found a corrupted altar of Lugonu.
 22500 | Abyss:3  | Noticed a tentacled starspawn
 22504 | Abyss:3  | Killed a tentacled starspawn
 22635 | Abyss:3  | Offered knowledge of Yara's Violent Unravelling by Vehumet.
 22676 | Abyss:3  | Noticed a red draconian scorcher
 22691 | D:13     | Escaped the Abyss
 22691 | D:13     | HP: 4/133 [something (3)]
 22691 | D:13     | HP: 1/133 [poison (dark miasma)]
 22691 | D:13     | Demolished by a merfolk impaler

Illustrated notes

Levels and vault maps discovered:
D:1:      psy_arrival_whirlpool, layout_basic
D:2:      layout_loops_ring, serial_co_window_serial, co_window_paths_a,
          co_window_paths_b, co_window_of_opportunity_a, co_window_paths_a,
          co_window_paths_a, co_window_paths_a, co_window_2corner,
          co_window_unsneaky_path_c, co_window_corner_b, co_window_broadway_b,
          co_window_paths_c, glass_columns_b, glass_columns_a,
          shapermc_ecumenical_altar_pompeii
D:3:      layout_loops_ring, mainiacjoe_overflow_surrounded_room, serial_shops,
          nicolae_shop_advertising_works [nicolae_subvault_shop_adworks],
          kennysheep_generic_room_5
D:4:      layout_basic, mainiacjoe_overflow_24_doors,
          mainiacjoe_overflow_catwalk, mainiacjoe_overflow_small_starburst,
          minmay_temple_entry_slanted, minmay_checkerbox, uniq_eustachio,
          uniq_edmund
D:5:      layout_basic, mainiacjoe_overflow_alcove_1, kennysheep_slug_shrine,
          mainiacjoe_overflow_alcove_2, serial_shops, nicolae_shop_statue_plus,
          dk_rats_in_the_wall, uniq_crazy_yiuf_cottage
D:6:      layout_loops_corners, nicolae_gozag_cash_rules_everything_around_me,
          mainiacjoe_overflow_brackets
D:7:      layout_loops_ring, mainiacjoe_overflow_alcove_4,
          grunt_temple_overflow_diamond, serial_bayou, serial_bayou_shore_b,
          serial_bayou_lagoon_a, serial_bayou_pond_c, serial_bayou_pond_e,
          nrook_mini_backslash
D:8:      layout_basic, nicolae_overflow_hidden_temple, uniq_maggie, uniq_erica
D:9:      layout_roguey [special_room_orc], mainiacjoe_overflow_chevrons,
          uniq_prince_ribbit1
D:10:     layout_cave_pools, orc_0_dummy
D:11:     layout_irregular_city, lair_entry_dummy
D:12:     layout_roguey, kennysheep_boxes
D:13:     layout_irregular_city, mikee_hates_you
Temple:   nicolae_temple_superstar
Lair:1:   layout_regular_city, serial_forest, infiniplex_forest_end_1,
          infiniplex_forest_clump_cross, infiniplex_forest_lined_room_,
          infiniplex_forest_end_1, infiniplex_forest_clump_cross,
          infiniplex_forest_clump_cross, infiniplex_forest_lined_room_2,
          infiniplex_forest_straight_4, uniq_sonja, uniq_fannar
Lair:2:   layout_roguey, hellmonk_spider_entry_not_the_bees, st_stairs_6,
          worms_lemuel, grunt_megastairs_1, uniq_gastronok
Lair:3:   hellmonk_ruined_rings, layout_regular_city,
          nicolae_swamp_entry_splash_gauntlet, nicolae_quartered_pool_medium,
          eino_small_chamber_without_monster
Lair:4:   layout_gridlike, lemuel_fruit_fields, infiniplex_staircase_pool_2,
          serial_bayou_shore_b, lemuel_fruit_fields, uniq_snorg
Lair:5:   minmay_lair_end_enchanted_forest, layout_big_grid,
          minmay_slime_entry_eyes
Orc:1:    layout_diamond_mine, rock_pile
Orc:2:    grunt_orc_community_town_hall, layout_caves,
          grunt_orc_community_big_house_2, grunt_orc_community_big_house_2,
          grunt_orc_community_house_1, grunt_orc_community_house_2,
          grunt_orc_community_house_3, grunt_orc_community_house_2,
          grunt_orc_community_house_3

Skill      XL: |  1  2  3  4  5  6  7  8  9 10 11 12 13 14 15 |
---------------+----------------------------------------------+-----
Fighting       | 2 3 4 5 7 11 15 17 | 17.5
Stealth        | 2 |  2.0
Armour         | 2 3 4 5 7 8 |  8.4
Necromancy     | 4 5 |  5.0
Evocations     | 2 3 |  3.0
Conjurations   | 2 5 6 7 |  7.0
Earth Magic    | 2 3 6 8 |  8.0
Short Blades   | 3 |  3.0
Spellcasting   | 4 6 7 8 10 | 10.0
Long Blades    | 6 7 9 10 11 12 | 12.9
Fire Magic     | 3 6 7 8 |  8.0
Dodging        | 4 6 7 |  7.4
Ice Magic      | 5 |  5.1
Translocations | 1 |  1.2

Action                     |  1- 3 |  4- 6 |  7- 9 | 10-12 | 13-15 || total
---------------------------+-------+-------+-------+-------+-------++-------
  Melee: Dagger            |    23 |   128 |   244 |       |       ||   395
         Punch             |       |       |     8 |     6 |       ||    14
         Falchion          |       |       |    48 |   362 |   137 ||   547
         Scimitar          |       |       |       |       |   658 ||   658
  Throw: Dart              |       |       |    19 |    79 |    50 ||   148
         Javelin           |       |       |       |     2 |       ||     2
   Cast: Necrotise         |    73 |    92 |   180 |       |       ||   345
         Vampiric Draining |       |     1 |     8 |    33 |    20 ||    62
         Sandblast         |       |       |    35 |     2 |       ||    37
         Kiss of Death     |       |       |     2 |       |       ||     2
         Sticky Flame      |       |       |       |    50 |   122 ||   172
         Searing Ray       |       |       |       |       |     6 ||     6
         Iron Shot         |       |       |       |       |    28 ||    28
         Fireball          |       |       |       |       |    20 ||    20
Ability: Hop               |     1 |     1 |     5 |    12 |    15 ||    34
  Evoke: Wand              |       |     6 |     8 |    15 |     7 ||    36
    Use: Scroll            |       |       |    11 |    12 |    12 ||    35
         Potion            |       |       |       |     1 |    12 ||    13
   Stab: Sleeping          |     1 |       |       |       |     6 ||     7
 Armour: Robe              |     2 |     2 |       |       |       ||     4
         Ring mail         |       |    61 |   217 |   218 |   567 ||  1063
  Dodge: Dodged            |    16 |    95 |   249 |   230 |   749 ||  1339
